 Dungeon Crawl Stone Soup version 0.29-a0-857-g9b1aa3ac5b (webtiles) character file.

Game seed: 8420478930245093634

235 concernfroge the Trooper (level 5, -8/42 HPs)
             Began as a Mummy Monk on July 17, 2022.
             Mangled by a yak (11 damage)
             ... on level 5 of the Dungeon.
             The game lasted 00:12:10 (4137 turns).

concernfroge the Trooper (Mummy Monk)               Turns: 4137, Time: 00:12:10

Health: -8/42      AC:  8    Str: 17    XL:     5   Next: 76%
Magic:  5/5        EV: 10    Int:  9    God:
Gold:   241        SH:  0    Dex: 14    Spells: 4/4 levels left

rFire   x . .      SeeInvis .   f - +2 triple sword (distort)
rCold   + . .      Faith    .   (shield currently unavailable)
rNeg    + + +      Spirit   .   g - +0 scale mail
rPois   ∞          Reflect  .   e - +2 hat
rElec   .          Harm     .   b - scarf {repulsion}
rCorr   .          Rampage  .   (no gloves)
Will    .....                   (no boots)
Stlth   +.........              (no amulet)
HPRegen 0.14/turn               (no ring)
MPRegen 0.09/turn               (no ring)

@: repel missiles
A: cold resistance 1, negative energy resistance 3, torment resistance 2, heat
vulnerability 1, in touch with death 1, no potions
a: no special abilities


You were on level 5 of the Dungeon.
You visited 1 branch of the dungeon, and saw 5 of its levels.

You collected 241 gold pieces.

Inventory:

Hand Weapons
 f - a +2 triple sword of distortion (weapon)
Missiles
 d - a throwing net (quivered)
Armour
 b - a scarf of repulsion (worn)
 e - a +2 hat (worn)
 g - a +0 scale mail (worn)
Scrolls
 c - a scroll of vulnerability


   Skills:
 + Level 4.1 Fighting
 + Level 1.7 Long Blades
 - Level 3.2 Polearms
 - Level 3.2 Dodging
 - Level 2.5 Stealth


You had 4 spell levels left.
You didn't know any spells.
Your spell library contained the following spells:

 Spells                   Type           Power      Damage    Failure   Level
 Magic Dart               Conj           0%         1d3       83%         1
 Call Imp                 Summ           0%         N/A       92%         2
 Mephitic Cloud           Conj/Pois/Air  0%         N/A       99%         3
 Ozocubu's Armour         Ice            0%         N/A       99%         3
 Metabolic Englaciation   Hex/Ice        0%         N/A       100%        5
 Simulacrum               Ice/Necr       0%         N/A       100%        6


Dungeon Overview and Level Annotations

Branches:
Dungeon (5/15)
 Temple: D:4-7

Altars:

Shops:
D:1 :

Annotations:
D:4 Blork the orc


Innate Abilities, Weirdness & Mutations

You are immune to poison.
Your flesh is cold resistant. (rC+)
You are immune to negative energy. (rN+++)
You are immune to unholy pain and torment.
You are vulnerable to heat. (rF-)
You are in touch with the powers of death.
You do not drink.


Message History

The ufetubus completely misses you.
The ufetubus hits you but does no damage.
The ufetubus barely misses you.
You barely miss the ufetubus. The ufetubus barely misses you. x4
The ufetubus hits you. The ufetubus barely misses you.
You slash the ufetubus!
You kill the ufetubus!
The gnoll barely misses you.
You hit the gnoll.
The gnoll is lightly wounded.
The gnoll blinks!
The gnoll shouts!
The yak bellows!
You hear a bellow!
You hear a shout!
The gnoll hits you with a +0 spear.
A yak comes into view.
You hear a bellow!
You hit the gnoll.
The gnoll is devoured by a tear in reality.
The yak bellows!
A jelly comes into view.
The gnoll hits you with a +0 spear.
You closely miss the gnoll. The gnoll hits you with a +0 spear. x2
* * * LOW HITPOINT WARNING * * *
You closely miss the gnoll. The gnoll hits you but does no damage.
The gnoll closely misses you.
You slice the gnoll!!
You kill the gnoll!
Okay, then.
You aren't carrying any items that you can evoke.
You closely miss the yak. The yak barely misses you. The yak gores you.
* * * LOW HITPOINT WARNING * * *
You barely miss the yak. The yak gores you.
* * * LOW HITPOINT WARNING * * *
The yak barely misses you.
You slash the yak!
The yak is moderately wounded.
The yak blinks!
You hit the yak.
Space warps around the yak.
The yak is lightly wounded.
The yak completely misses you. The yak gores you!
You die...

##. #.. .....# #..
...... ..## .....#
..# ##. #....# ##..
#...# #...# ##.Y.
......#####...#
##..#Y ........@YYY.#
#..###
....######JY.## ##.##
# . ##....#####..# #
##...$..##...#####
##....§..#....Y....
#....§##....g......
#...$######..........
#..(..# #s....Y...#
###..# #..........


You could see 4 yaks and a jelly.

Vanquished Creatures
  An iguana (D:3)
  An orc wizard (D:4)
  5 gnolls
  2 adders
  An ufetubus (D:5)
  2 worms
  3 orcs (D:4)
  7 bats
  8 endoplasms
  5 giant cockroaches
  8 goblins
  4 hobgoblins
  11 jackals
  7 quokkas
  7 ball pythons
  5 frilled lizards
  8 kobolds
  4 rats
89 creatures vanquished.

Notes
Turn   | Place    | Note
-------+----------+-------------------------------------------
     0 | D:1      | concernfroge the Mummy Monk began the quest for the Orb.
     0 | D:1      | Reached XP level 1. HP: 18/18 MP: 1/1
   161 | D:1      | Reached XP level 2. HP: 19/24 MP: 2/2
   492 | D:1      | Found a faded altar of an unknown god.
   803 | D:1      | Found Gepelisch's Book Boutique.
  1206 | D:2      | Gained mutation: You are in touch with the powers of death.
                  | [Mummy growth]
  1206 | D:2      | Reached XP level 3. HP: 27/29 MP: 3/3
  1920 | D:2      | Reached XP level 4. HP: 30/35 MP: 4/4
  2589 | D:3      | Identified a scroll of acquirement
  2589 | D:3      | Acquired a +2 triple sword of distortion
  2887 | D:3      | Reached XP level 5. HP: 35/41 MP: 5/5
  3607 | D:4      | Reached skill level 1 in Long Blades
  3776 | D:4      | Reached skill level 4 in Fighting
  3787 | D:4      | HP: 2/42 [gnoll/+0 flail (4)]
  4090 | D:4      | Noticed Blork the orc
  4096 | D:5      | Entered Level 5 of the Dungeon
  4096 | D:5      | Noticed a yak
  4096 | D:5      | Noticed a yak
  4096 | D:5      | Noticed a yak
  4096 | D:5      | Noticed a yak
  4122 | D:5      | Noticed a yak
  4137 | D:5      | Mangled by a yak

Illustrated notes

Levels and vault maps discovered:
D:1:      heliophobic_arrival_glass_houses, layout_loops_ring,
          hellmonk_ecumenical_altar_arch_garden, serial_shops,
          nicolae_shop_window_shopping, minmay_misc_feat_nine_boxes,
          minmay_box_of_dots
D:2:      layout_basic, kennysheep_generic_room_5
D:3:      layout_loops_corners, due_unseen_surprise
D:4:      cheibrodos_helix_gallery, layout_basic, temple_green, uniq_edmund,
          uniq_blork_the_orc
D:5:      layout_layer_cave

Skill      XL: |  1  2  3  4  5 |
---------------+----------------+-----
Stealth        | 2 |  2.5
Polearms       | 3 |  3.2
Dodging        | 3 |  3.2
Long Blades    | 1 |  1.7
Fighting       | 4 |  4.1

Action                   |  1- 3 |  4- 6 || total
-------------------------+-------+-------++-------
Melee: Spear             |   200 |    55 ||   255
       Punch             |     1 |       ||     1
       Triple sword      |       |    67 ||    67
  Use: Scroll            |       |    11 ||    11
 Stab: Sleeping          |     5 |       ||     5
Armor: Robe              |     4 |       ||     4
       Leather armour    |     6 |       ||     6
       Scale mail        |    68 |    42 ||   110
Dodge: Dodged            |    90 |    69 ||   159

Table legend: (Time is in decaauts)
 A = Elapsed time spent in this place.
 B = Non-inter-level travel time spent in this place.
 C = Inter-level travel time spent in this place.
 D = Time resting spent in this place.
 E = Time spent auto-exploring this place.
 F = Levels seen in this place.
 G = Mean time per level.
                   A        B        C        D        E       F      G
               +--------+--------+--------+--------+--------+-----+--------+
         Total |   4177 |   4104 |     73 |    739 |   2637 |   5 |  835.4 |
       Dungeon |   4177 |   4104 |     73 |    739 |   2637 |   5 |  835.4 |
               +--------+--------+--------+--------+--------+-----+--------+

Top non-repeatable levels by time:
     D:2: 1532 daAuts
     D:3: 1058 daAuts
     D:1: 1004 daAuts
     D:4: 533 daAuts
     D:5: 48 daAuts
